 Dungeon Crawl Stone Soup version 0.30.0 (webtiles) character file.

Game seed: 3992648737989328894

6090 meatpath the Fighter (level 10, -3/97 HPs)
             Began as a Minotaur Berserker on May 6, 2023.
             Was a High Priest of Trog.
             Slain by an eight-headed hydra (9 damage)
             ... on level 9 of the Dungeon.
             The game lasted 00:20:08 (8278 turns).

meatpath the Fighter (Minotaur Berserker)           Turns: 8278, Time: 00:20:08

Health: -3/97      AC: 21    Str: 24    XL:     10   Next: 58%
Magic:  9/9        EV:  8    Int:  6    God:    Trog [*****.]
Gold:   236        SH:  0    Dex: 10    Spells: 9/9 levels left

rFire   . . .        o - +0 war axe (heavy)
rCold   . . .        (no shield)
rNeg    . . .        a - +2 plate armour
rPois   +            (helmet restricted)
rElec   .            E - +0 cloak {rCorr}
rCorr   +            b - +0 pair of gloves
SInv    +            C - +0 pair of boots
Will    .....        f - amulet of faith Stlth
                     m - ring of poison resistance
HPRegen 0.36/turn    n - ring of see invisible
MPRegen 0.11/turn

%: faith
@: on berserk cooldown, slowed, very slow
A: horns 2, retaliatory headbutt
a: Renounce Religion, Berserk, Trog's Hand, Brothers in Arms


You were on level 9 of the Dungeon.
You worshipped Trog.
Trog was extremely pleased with you.
You visited 1 branch of the dungeon, and saw 9 of its levels.

You collected 374 gold pieces.
You spent 138 gold pieces at shops.

Inventory:

Hand Weapons
 o - a +0 heavy war axe (weapon)
Missiles
 d - 3 throwing nets (quivered)
Armour
 a - a +2 plate armour (worn)
 b - a +0 pair of gloves (worn)
 x - a +0 cloak of willpower
 C - a +0 pair of boots (worn)
 E - a +0 cloak of preservation (worn)
Jewellery
 f - an amulet of faith (around neck)
 m - a ring of poison resistance (left hand)
 n - a ring of see invisible (right hand)
 p - a ring of positive energy
 q - a ring of flight
 y - a +6 ring of intelligence
 z - a ring of willpower
 B - an amulet of magic regeneration
 G - a ring of ice
Wands
 e - a wand of roots (6)
Scrolls
 c - a scroll of magic mapping
 h - 2 scrolls of enchant weapon
 A - a scroll of noise
Potions
 g - a potion of magic
 j - 3 potions of ambrosia
 k - 3 potions of might
 l - a potion of haste
 r - a potion of invisibility {unknown}
 s - 2 potions of attraction
 t - a potion of curing
 u - 2 potions of mutation
 w - a potion of resistance {unknown}


   Skills:
 + Level 11.6 Fighting
 + Level 11.6 Axes
 + Level 11.3 Armour
 - Level 2.1 Dodging


You had 9 spell levels left.
You didn't know any spells.
Your spell library was empty.

Dungeon Overview and Level Annotations

Branches:
Dungeon (9/15)             Temple (0/1) D:6
   Lair: D:8-11         Orc: D:9-12

Altars:
Ashenzari
Cheibriados
Fedhas
Makhleb
Nemelex Xobeh
Okawaru
Ru
Wu Jian
Xom

Shops:
D:8 [

Annotations:
D:8 1 runed translucent door


Innate Abilities, Weirdness & Mutations

You have a pair of horns on your head.
You reflexively headbutt those who attack you in melee.


Message History

You assume a fearsome visage.
The eight-headed hydra looks frightened!
It was a scroll of fear.
As you read the scroll labelled XYGAZIVVO DAIC, it crumbles to dust.
It is a scroll of amnesia.
You feel forgetful for a moment.
Okay, then.
Okay, then.
As you read the scroll of brand weapon, it crumbles to dust.
Your +0 war axe of venom becomes incredibly heavy!
o - a +0 heavy war axe (weapon)
The eight-headed hydra attacks as you move away!
The eight-headed hydra bites you but does no damage. x2
The eight-headed hydra completely misses you.
The eight-headed hydra bites you.
The eight-headed hydra closely misses you.
The eight-headed hydra bites you.
* * * LOW HITPOINT WARNING * * *
The eight-headed hydra bites you.
* * * LOW HITPOINT WARNING * * *
The eight-headed hydra bites you.
* * * LOW HITPOINT WARNING * * *
Okay, then.
It was a potion of magic.
Magic courses through your body. The eight-headed hydra bites you.
* * * LOW HITPOINT WARNING * * *
The eight-headed hydra bites you.
* * * LOW HITPOINT WARNING * * *
The eight-headed hydra bites you.
* * * LOW HITPOINT WARNING * * *
The eight-headed hydra closely misses you.
The eight-headed hydra barely misses you.
The eight-headed hydra bites you.
* * * LOW HITPOINT WARNING * * *
The eight-headed hydra completely misses you.
The eight-headed hydra bites you.
* * * LOW HITPOINT WARNING * * *
The eight-headed hydra bites you but does no damage.
The eight-headed hydra bites you!
You die...

♣♣♣♣♣♣♣♣♣#..♣♣.#
#♣♣♣.♣# ♣.♣♣
##♣.♣## #.....#
#.♣.♣.# #.♣.♣.#
#.♣♣♣D# #.♣ ♣@#
### ###


You could see an eight-headed hydra.

Vanquished Creatures
  2 two-headed ogres (D:9)
  A centaur warrior (D:9)
  Pikel (D:5)
  Sigmund (D:6)
  A vampire (D:8)
  A steam dragon (D:5)
  A vampire mosquito (D:9)
  Menkaure (D:7)
  A water moccasin (D:5)
  Duvessa (D:5)
  An ice beast (D:7)
  2 orc warriors (D:7)
  4 black bears
  An ogre (D:5)
  5 centaurs
  3 lemures (D:5)
  2 phantoms
  3 bullfrogs
  3 scorpions
  4 wights
  Dowan (D:5)
  4 killer bees (D:9)
  4 howler monkeys (D:9)
  4 jellies
  Crazy Yiuf (D:3)
  3 orc priests
  Ijyb (D:5)
  2 sleepcaps (D:5)
  2 iguanas
  9 orc wizards
  A gnoll (D:7)
  6 adders
  3 shadow imps
  3 white imps
  2 ufetubi (D:7)
  2 worms
  8 dart slugs
  25 orcs
  4 bats
  8 endoplasms
  5 giant cockroaches
  12 goblins
  4 jackals (D:1)
  4 kobolds
  2 quokkas (D:1)
  5 ball pythons
  2 frilled lizards
  11 rats
177 creatures vanquished.

Notes
Turn   | Place    | Note
-------+----------+-------------------------------------------
     0 | D:1      | meatpath the Minotaur Berserker began the quest for the
                  | Orb.
     0 | D:1      | Reached XP level 1. HP: 19/19 MP: 0/0
   127 | D:1      | Reached XP level 2. HP: 23/27 MP: 1/1
   246 | D:1      | Reached ** piety under Trog
   255 | D:1      | Reached XP level 3. HP: 25/33 MP: 2/2
   882 | D:2      | Reached XP level 4. HP: 41/41 MP: 3/3
  1544 | D:3      | Reached *** piety under Trog
  2010 | D:3      | Found a runed translucent door.
  2011 | D:3      | Noticed Crazy Yiuf
  2019 | D:3      | Killed Crazy Yiuf
  2020 | D:3      | Reached skill level 5 in Fighting
  2020 | D:3      | Reached skill level 5 in Axes
  2020 | D:3      | Reached XP level 5. HP: 48/48 MP: 4/4
  2761 | D:5      | Entered Level 5 of the Dungeon
  2918 | D:5      | Noticed Dowan
  2920 | D:5      | Noticed Duvessa
  2927 | D:5      | Killed Duvessa
  2928 | D:5      | Reached skill level 5 in Armour
  2928 | D:5      | Reached XP level 6. HP: 57/57 MP: 5/5
  3128 | D:5      | Noticed Ijyb
  3137 | D:5      | Killed Ijyb
  3145 | D:5      | Reached XP level 7. HP: 50/63 MP: 6/6
  3158 | D:5      | Noticed Pikel
  3167 | D:5      | Reached **** piety under Trog
  3979 | D:5      | Killed Dowan
  4132 | D:5      | Killed Pikel
  4133 | D:5      | Reached XP level 8. HP: 50/74 MP: 7/7
  4349 | D:6      | Noticed Sigmund
  4868 | D:6      | Killed Sigmund
  4933 | D:6      | Found a staircase to the Ecumenical Temple.
  5324 | D:7      | Reached XP level 9. HP: 56/83 MP: 8/8
  5512 | D:7      | Found a blossoming altar of Fedhas.
  5513 | D:7      | Found a snail-covered altar of Cheibriados.
  5519 | D:7      | Found an ornate altar of the Wu Jian Council.
  5520 | D:7      | Found a shimmering altar of Xom.
  5520 | D:7      | Found an iron altar of Okawaru.
  5522 | D:7      | Found a burning altar of Makhleb.
  5523 | D:7      | Found a sacrificial altar of Ru.
  5630 | D:7      | Identified the +6 trident "Ciprorr" {pain, rElec rN+ Will-
                  | Str+3}
  6222 | D:7      | Noticed Menkaure
  6349 | D:7      | Killed Menkaure
  6901 | D:8      | Reached skill level 10 in Fighting
  6901 | D:8      | Reached skill level 10 in Axes
  6902 | D:8      | Found a sparkling altar of Nemelex Xobeh.
  6994 | D:8      | Found Purefywi's Armour Shop.
  7007 | D:8      | Bought a +0 cloak of preservation for 138 gold pieces
  7310 | D:8      | Noticed a death knight
  7310 | D:8      | Noticed a meliai
  7310 | D:8      | Noticed a manticore
  7311 | D:8      | Found a runed translucent door.
  7313 | D:8      | Noticed a red ugly thing
  7313 | D:8      | Noticed an orc knight
  7313 | D:8      | Noticed a cyclops
  7313 | D:8      | Noticed a cyclops
  7313 | D:8      | Noticed a deep elf pyromancer
  7313 | D:8      | Found the +0 mask of the Dragon {Will+ Slay+3 SInv}
  7479 | D:8      | Reached skill level 10 in Armour
  7776 | D:9      | Noticed a two-headed ogre
  7791 | D:9      | Killed a two-headed ogre
  7792 | D:9      | Reached XP level 10. HP: 66/94 MP: 9/9
  7893 | D:9      | Found a broken altar of Ashenzari.
  7935 | D:9      | Reached ***** piety under Trog
  8031 | D:9      | Noticed a two-headed ogre
  8037 | D:9      | Killed a two-headed ogre
  8177 | D:9      | Noticed a centaur warrior
  8188 | D:9      | Killed a centaur warrior
  8248 | D:9      | Noticed a seven-headed hydra
  8278 | D:9      | Slain by an eight-headed hydra

Illustrated notes

Levels and vault maps discovered:
D:1:      minmay_arrival_solitary_statue, layout_rooms
D:2:      layout_basic, dreamdust_princess_bridge, minmay_tiny_reverse_x
D:3:      layout_loops_ring, uniq_crazy_yiuf_cottage
D:4:      layout_rooms, kennysheep_boxes
D:5:      layout_basic, minmay_misc_feat_tower, uniq_duvessa, uniq_pikel,
          uniq_ijyb
D:6:      layout_rooms, temple_pool_b, uniq_sigmund
D:7:      minmay_angry_zag, layout_loops_ring, minitemple, chequers_avenue,
          grunt_ministairs_6, kennysheep_opposing_triangles, uniq_menkaure
D:8:      minmay_gate_of_8, layout_loops_ring, nicolae_overflow_crystal_walls,
          serial_shops, shop
D:9:      nzn_winding_woodlands_large [nzn_winding_woodlands_5x5_cross,
          nzn_winding_woodlands_5x15_jagged, nzn_winding_woodlands_5x5_three,
          nzn_winding_woodlands_center_lodge,
          nzn_winding_woodlands_15x15_boxy_spiral,
          nzn_winding_woodlands_center_triple_pond,
          nzn_winding_woodlands_5x5_perimeter,
          nzn_winding_woodlands_5x15_default,
          nzn_winding_woodlands_5x5_closed_star], layout_cave_pools,
          ashenzari_conservatory_becter, ebering_ghost_disaster_area,
          st_stairs_10

Skill      XL: |  1  2  3  4  5  6  7  8  9 10 |
---------------+-------------------------------+-----
Fighting       | 4 5 6 7 9 10 11 | 11.6
Axes           | 4 5 6 7 9 10 11 | 11.6
Armour         | 3 4 5 7 8 10 11 | 11.3
Dodging        | |  2.1

Action                     |  1- 3 |  4- 6 |  7- 9 | 10-12 || total
---------------------------+-------+-------+-------+-------++-------
  Melee: Hand axe          |    66 |       |       |       ||    66
         Headbutt          |    13 |    17 |    49 |    13 ||    92
         War axe           |     9 |    79 |   266 |    48 ||   402
         Punch             |       |       |     1 |       ||     1
 Invoke: Berserk           |       |     3 |     5 |     2 ||    10
    Use: Scroll            |     3 |     9 |     9 |     6 ||    27
         Potion            |       |     1 |     4 |     1 ||     6
 Armour: Animal skin       |     7 |       |       |       ||     7
         Scale mail        |    18 |     1 |       |       ||    19
         Plate armour      |       |    41 |   241 |    84 ||   366
  Dodge: Dodged            |    48 |    20 |   111 |    44 ||   223
